 Dungeon Crawl Stone Soup version 0.21.1-1-g345015f (webtiles) character file.

5584 Supreme the Thaumaturge (level 10, 0/52 HPs)
             Began as a Deep Elf Wizard on Apr 23, 2018.
             Was a Believer of Kikubaaqudgha.
             Slain by a two-headed ogre
             ... wielding a +0 giant spiked club
              (10 damage)
             ... on level 10 of the Dungeon.
             The game lasted 02:31:01 (10805 turns).

Supreme the Thaumaturge (Deep Elf Wizard)          Turns: 10805, Time: 02:31:05

Health: 0/52       AC:  9    Str:  4    XL:     10   Next: 45%
Magic:  18/29      EV: 12    Int: 27    God:    Kikubaaqudgha [**....]
Gold:   332        SH:  5    Dex: 13    Spells: 16/36 levels left

rFire    . . .     SeeInvis +   l - +2 dagger (venom)
rCold    . . .     Gourm    .   F - +0 buckler
rNeg     . . .     Faith    .   i - +2 leather armour {rPois}
rPois    +         Spirit   .   E - +0 helmet
rElec    .         Reflect  .   x - +0 cloak
rCorr    .         Harm     .   h - +1 pair of gloves
MR       +....                  (no boots)
Stlth    ++........             (no amulet)
HPRegen  0.17/turn              M - ring of wizardry
MPRegen  0.21/turn              C - ring of see invisible

@: no status effects
A: no striking features
a: Receive Corpses, Renounce Religion


You were on level 10 of the Dungeon.
You worshipped Kikubaaqudgha.
Kikubaaqudgha was pleased with you.
You were not hungry.

You visited 2 branches of the dungeon, and saw 11 of its levels.

You collected 472 gold pieces.
You spent 140 gold pieces at shops.

Inventory:

Hand Weapons
 l - a +2 dagger of venom (weapon)
 o - a +0 shortbow
 J - a +0 whip of freezing
Missiles
 e - 137 stones (quivered)
 m - 53 poisoned needles
 z - 2 throwing nets
 D - 206 arrows
Armour
 h - a +1 pair of gloves (worn)
 i - a +2 leather armour of poison resistance (worn)
 x - a +0 cloak (worn)
 B - a +1 robe of positive energy
 E - a +0 helmet (worn)
 F - a +0 buckler (worn)
 S - a +0 troll leather armour
Jewellery
 a - an uncursed ring of protection from fire
 g - an uncursed ring of fire
 C - a ring of see invisible (right hand)
 M - a ring of wizardry (left hand)
Wands
 j - a wand of iceblast (1)
 t - a wand of random effects (12)
 H - a wand of clouds (7)
Scrolls
 b - 3 scrolls of identify
 k - 2 scrolls of amnesia {unknown}
 n - a scroll of magic mapping {unknown}
 q - 3 scrolls of enchant armour
 u - a scroll of remove curse
 y - 3 scrolls of immolation {unknown}
 I - 2 scrolls of fear {unknown}
 N - 3 scrolls of enchant weapon {unknown}
 R - a scroll of acquirement {unknown}
Potions
 f - 2 potions of lignification
 p - 5 potions of brilliance
 r - a potion of berserk rage
 s - 2 potions of curing
 v - a potion of invisibility {unknown}
 w - 2 potions of heal wounds
 A - 2 potions of might
 G - a potion of mutation {unknown}
 Q - a potion of flight {unknown}
Books
 c - a book of Minor Magic

   Spells                             Type                      Level
   a - Magic Dart                     Conjuration                  1
   b - Blink                          Translocation                2
   c - Call Imp                       Summoning                    2
   d - Slow                           Hexes                        2
   e - Conjure Flame                  Conjuration/Fire             3
   f - Mephitic Cloud                 Conjuration/Poison/Air       3
 K - Kikubaaqudgha's Guide on Dark Secrets
   (Kikubaaqudgha gifted it to you on level 4 of the Dungeon)

   Spells                             Type                      Level
   a - Pain                           Necromancy                   1
   b - Corpse Rot                     Necromancy                   2
   c - Sublimation of Blood           Necromancy                   2
   d - Vampiric Draining              Necromancy                   3
Miscellaneous
 L - a fan of gales
 O - a lightning rod (3/4)
Comestibles
 d - 16 rations
 P - 2 chunks of flesh


   Skills:
 + Level 1.3 Fighting
 + Level 4.0 Dodging
 + Level 4.3 Stealth
 * Level 3.9 Shields
 + Level 13.5 Spellcasting
 + Level 7.9 Conjurations
 + Level 1.3 Hexes
 + Level 6.2 Summonings
 + Level 1.0 Necromancy
 + Level 1.8 Translocations
 + Level 1.9 Fire Magic
 + Level 0.5 Air Magic
 + Level 0.6 Poison Magic


You had 16 spell levels left.
You knew the following spells:

 Your Spells              Type           Power        Failure   Level  Hunger
a - Magic Dart            Conj           ####         1%          1    None
b - Blink                 Tloc           N/A          1%          2    None
c - Call Imp              Summ           ######..     1%          2    None
d - Slow                  Hex            ####....     1%          2    None
e - Conjure Flame         Conj/Fire      #####...     1%          3    None
f - Mephitic Cloud        Conj/Pois/Air  ####....     1%          3    None
g - Corpse Rot            Necr           N/A          2%          2    None
h - Sublimation of Blood  Necr           ###.......   2%          2    None
i - Vampiric Draining     Necr           ###.......   4%          3    None


Dungeon Overview and Level Annotations

Branches:
Dungeon (10/15)            Temple (1/1) D:4
   Lair: D:8-11         Orc: D:9-12

Altars:
Ashenzari
Cheibriados
Dithmenos
Elyvilon
Fedhas
Gozag
Hepliaklqana
Kikubaaqudgha
Makhleb
Nemelex Xobeh
Okawaru
Qazlal
Ru
Sif Muna
Trog
Uskayaw
Vehumet
Wu Jian
Xom
Yredelemnul
Zin
The Shining One

Shops:
D:4 *   D:6 *   D:8 (

Annotations:
D:9 Joseph


Message History

Aiming: Mephitic Cloud
Press: ? - help, Shift-Dir - straight line, f - centaur
Aim: a centaur, wielding a shortbow The ball explodes into a vile cloud!
The stinking cloud engulfs the centaur.
You hear a shout! x2
The centaur is engulfed in noxious fumes.
Casting: Mephitic Cloud
Confirm with . or Enter, or press ? or * to list all spells.
You blink.
The centaur is engulfed in noxious fumes.
The centaur appears confused.
The centaur unwields an uncursed shortbow.
The centaur hits the two-headed ogre!
Casting: Blink
Confirm with . or Enter, or press ? or * to list all spells.
You blink.
The killer bee buzzes angrily.
The two-headed ogre hits you with a giant spiked club!
You die...
Kikubaaqudgha rasps: "You have failed me!
Welcome... death!"

.............................###
.............................#
.............................#
....................#######..#
............y.......# #..#
.....#####..........# ##..#
.....#...#####......# #...#
.....#.......#......# #...#
.....#.......#..@...# #...#
.....#..(....#§O....# #...#
....##.......#......# #...#
....#........#.....§# #...#
....#.5......#...c(§######...#
....#'######'#......§........#
.............§......§§.......#
............###########......#
............# #......#


You could see a two-headed ogre, a centaur (confused) and a killer bee.

Vanquished Creatures
  Pikel (D:4)
  2 trolls
  The ghost of equalderp2856 the Chopper, an amateur MiFi (D:4)
  Grinder (D:4)
  6 yaks (D:9)
  2 wyverns
  2 hungry ghosts
  The ghost of doot the Conjurer, an amateur DECj (D:5)
  An orc warrior (D:6)
  A sky beast (D:6)
  2 ice beasts
  2 ogres
  4 centaurs
  3 bullfrogs
  6 killer bees (D:10)
  4 crimson imps
  A centaur zombie (D:5)
  A hound (D:8)
  2 jellies (D:9)
  3 bullfrog skeletons
  An orc priest (D:4)
  4 orc wizards
  4 iguanas
  8 worker ants
  A killer bee zombie (D:8)
  A hound skeleton (D:8)
  A howler monkey zombie (D:5)
  3 gnolls (D:4)
  4 adders
  3 oozes
  An adder skeleton (D:8)
  2 worms
  3 leopard geckos
  20 orcs
  A ball python (D:3)
  6 bats
  7 giant cockroaches
  4 goblins
  12 hobgoblins
  6 jackals
  4 kobolds
  3 quokkas
  5 frilled lizards
  A quokka skeleton (D:4)
  10 rats
161 creatures vanquished.

Vanquished Creatures (collateral kills)
  A troll (D:10)
  A hornet (D:10)
  A phantom (D:7)
  A sky beast (D:9)
  A slave (D:4)
  An ice beast (D:6)
  An ogre (D:7)
  Blork the orc (D:4)
  A scorpion (D:8)
  4 killer bees (D:10)
  A crimson imp (D:7)
  A hound (D:4)
  Ijyb (D:4)
  A worker ant (D:8)
  An iguana (D:8)
  3 adders
  A worm (D:4)
  A dart slug (D:1)
  A jackal (D:3)
  2 rats (D:3)
26 creatures vanquished.

Vanquished Creatures (others)
  A slave (D:4)
1 creature vanquished.

Grand Total: 188 creatures vanquished

Notes
Turn   | Place    | Note
-------+----------+-------------------------------------------
     0 | D:1      | Supreme the Deep Elf Wizard began the quest for the Orb.
     0 | D:1      | Reached XP level 1. HP: 10/10 MP: 7/7
   137 | D:1      | Reached XP level 2. HP: 15/15 MP: 1/9
   141 | D:1      | Learned a level 2 spell: Blink
   144 | D:1      | Learned a level 2 spell: Call Imp
   147 | D:1      | Learned a level 2 spell: Slow
   188 | D:1      | Reached skill level 5 in Spellcasting
   735 | D:1      | Reached XP level 3. HP: 19/19 MP: 2/12
   882 | D:2      | Found a sparkling altar of Nemelex Xobeh.
   911 | D:2      | Found a faded altar of an unknown god.
  1327 | D:2      | Reached skill level 6 in Spellcasting
  1578 | D:2      | Reached XP level 4. HP: 24/24 MP: 7/14
  1760 | D:3      | Noticed an ogre
  2327 | D:3      | Noticed a moth of wrath
  2330 | D:3      | Found a bloodstained altar of Trog.
  2365 | D:3      | Learned a level 3 spell: Conjure Flame
  2369 | D:3      | Learned a level 3 spell: Mephitic Cloud
  2528 | D:3      | Killed an ogre
  2528 | D:3      | Reached skill level 1 in Hexes
  2528 | D:3      | Reached XP level 5. HP: 28/28 MP: 9/16
  2880 | D:4      | Reached skill level 7 in Spellcasting
  2965 | D:4      | Noticed a slave
  3163 | D:4      | Noticed Blork the orc
  3179 | D:4      | Killed Blork the orc
  3182 | D:4      | Noticed an ogre
  3302 | D:4      | Killed an ogre
  3302 | D:4      | Reached XP level 6. HP: 32/32 MP: 0/18
  3402 | D:4      | Noticed Pikel
  3402 | D:4      | Noticed a slave
  3405 | D:4      | Noticed a slave
  3407 | D:4      | Noticed a slave
  3446 | D:4      | Found a staircase to the Ecumenical Temple.
  3459 | Temple   | Entered the Ecumenical Temple
  3551 | Temple   | Became a worshipper of Kikubaaqudgha
  3624 | D:4      | Noticed Ijyb
  3674 | D:4      | Killed Ijyb
  3676 | D:4      | Noticed equalderp2856's ghost (amateur MiFi)
  3700 | D:5      | Entered Level 5 of the Dungeon
  3739 | D:5      | Reached skill level 8 in Spellcasting
  3979 | D:5      | Found a stormy altar of Qazlal.
  4048 | D:5      | Reached skill level 1 in Fire Magic
  4180 | D:5      | Noticed doot's ghost (amateur DECj)
  4192 | D:5      | Killed doot's ghost
  4192 | D:5      | Reached XP level 7. HP: 20/36 MP: 7/21
  4261 | D:4      | Reached skill level 9 in Spellcasting
  4350 | D:4      | Killed Pikel
  4350 | D:4      | Reached skill level 10 in Spellcasting
  4350 | D:4      | Reached XP level 8. HP: 41/41 MP: 0/24
  4429 | D:4      | Killed equalderp2856's ghost
  4429 | D:4      | Reached skill level 5 in Conjurations
  4528 | D:4      | Found Emeuzomm's Assorted Antiques.
  4580 | D:4      | Noticed Grinder
  4638 | D:4      | Paralysed by Grinder for 2 turns
  4651 | D:4      | Killed Grinder
  4651 | D:4      | Reached skill level 11 in Spellcasting
  4739 | D:4      | Reached * piety under Kikubaaqudgha
  4739 | D:4      | Identified Kikubaaqudgha's Guide on Dark Secrets (Kikubaaqudgha gifted it to you on level 4 of the Dungeon)
  4739 | D:4      | Received a gift from Kikubaaqudgha
  5228 | D:6      | Found Xiempov's Assorted Antiques.
  5357 | D:4      | Learned a level 2 spell: Corpse Rot
  5360 | D:4      | Learned a level 2 spell: Sublimation of Blood
  5364 | D:4      | Learned a level 3 spell: Vampiric Draining
  5655 | D:6      | HP: 1/42 [orc wizard/puff of frost (15)]
  5722 | D:6      | Reached skill level 1 in Shields
  5935 | D:6      | Reached XP level 9. HP: 46/46 MP: 12/26
  6416 | D:7      | Reached skill level 12 in Spellcasting
  6650 | D:7      | Noticed a troll
  7870 | D:7      | Killed a troll
  8429 | D:8      | Reached skill level 5 in Summonings
  8494 | D:8      | Found Esaev's Antique Weapon Emporium.
  8508 | D:8      | Bought a glowing dagger for 140 gold pieces
  8604 | D:9      | Noticed Joseph
  8698 | D:9      | Found a stormy altar of Qazlal.
  8817 | D:9      | Reached ** piety under Kikubaaqudgha
  8873 | D:9      | Reached XP level 10. HP: 27/51 MP: 7/28
  9070 | D:9      | Reached skill level 13 in Spellcasting
  9713 | D:10     | Entered Level 10 of the Dungeon
  9879 | D:10     | Reached skill level 1 in Necromancy
 10406 | D:10     | Reached skill level 1 in Fighting
 10774 | D:10     | Noticed a two-headed ogre
 10805 | D:10     | Slain by a two-headed ogre

Skill      XL: |  1  2  3  4  5  6  7  8  9 10 |
---------------+-------------------------------+-----
Spellcasting   | 5 6 7 8 10 11 12 13 | 13.5
Stealth        | 3 4 |  4.3
Conjurations   | 2 3 4 6 7 |  7.9
Hexes          | 1 |  1.3
Summonings     | 2 3 4 5 6 |  6.2
Fire Magic     | 1 |  1.9
Dodging        | 3 4 |  4.0
Shields        | 1 3 |  3.9
Necromancy     | 1 |  1.0
Fighting       | 1 |  1.3
Translocations | |  1.8
Air Magic      | |  0.5
Poison Magic   | |  0.6

Action                   |  1- 3 |  4- 6 |  7- 9 | 10-12 || total
-------------------------+-------+-------+-------+-------++-------
Melee: Short sword       |     1 |       |       |       ||     1
       Hand axe          |     1 |       |       |       ||     1
       Rapier            |       |       |     6 |       ||     6
       Dagger            |       |       |    18 |    20 ||    38
       Falchion          |       |       |     6 |       ||     6
 Cast: Magic Dart        |    96 |   155 |   367 |   102 ||   720
       Call Imp          |     1 |    22 |    36 |    33 ||    92
       Slow              |       |     7 |     4 |     2 ||    13
       Conjure Flame     |       |    13 |    24 |     7 ||    44
       Mephitic Cloud    |       |       |     5 |     2 ||     7
       Vampiric Draining |       |       |     6 |     3 ||     9
       Blink             |       |       |     2 |    19 ||    21
Evoke: Wand              |       |       |     4 |     2 ||     6
       Lightning rod     |       |       |       |     1 ||     1
  Use: Scroll            |       |     2 |    10 |     1 ||    13
       Potion            |       |       |     2 |       ||     2
 Stab: Sleeping          |     1 |       |     2 |       ||     3
       Confused          |       |       |     1 |       ||     1
  Eat: Chunk             |     2 |     8 |    14 |     6 ||    30
Armor: Robe              |     5 |     5 |    23 |       ||    33
       Leather armour    |       |       |       |    22 ||    22
Dodge: Dodged            |     9 |    30 |    53 |    46 ||   138
Block: Buckler           |       |       |    13 |    13 ||    26
